 Dungeon Crawl Stone Soup version 0.23-a0-644-gb60d84b (webtiles) character file.

10018 Borgoz the Covert (level 11, -5/78 HPs)
             Began as a Halfling Assassin on Jan 2, 2019.
             Was an Elder of Dithmenos.
             Slain by an unseen horror (11 damage)
             ... on level 11 of the Dungeon.
             The game lasted 00:36:28 (15645 turns).

Borgoz the Covert (Halfling Assassin)              Turns: 15645, Time: 00:36:29

Health: -5/78      AC:  9    Str: 14    XL:     11   Next: 85%
Magic:  11/11      EV: 21    Int: 10    God:    Dithmenos [****..]
Gold:   630        SH:  0    Dex: 17    Spells: 8/10 levels left

rFire    . . .     SeeInvis .   a - +2 dagger
rCold    . . .     Gourm    .   (shield restricted)
rNeg     . . .     Faith    .   j - +1 leather armour {MR+}
rPois    .         Spirit   .   (no helmet)
rElec    .         Reflect  .   d - +0 cloak
rCorr    .         Harm     .   (no gloves)
MR       +....                  (no boots)
Stlth    +++++++...             (no amulet)
HPRegen  0.23/turn              B - +3 ring of slaying
MPRegen  0.12/turn              w - +4 ring of protection

@: hasted, wreathed by umbra, studying Maces & Flails, very quick
A: small, mutation resistance 1
a: Shadow Step, Renounce Religion


You were on level 11 of the Dungeon.
You worshipped Dithmenos.
Dithmenos was greatly pleased with you.
You were not hungry.

You visited 2 branches of the dungeon, and saw 12 of its levels.

You collected 630 gold pieces.

Inventory:

Hand Weapons
 a - a +2 dagger (weapon)
 b - a +0 blowgun
 N - the +7 sceptre of Torment {pain, torment}
   (You found it on level 11 of the Dungeon)

   In the hands of one skilled in necromantic magic, it inflicts extra damage on
   living creatures.
Missiles
 e - 49 poisoned needles
 f - 5 curare-tipped needles
 l - 2 needles of confusion
 F - 6 needles of sleeping
Armour
 d - a +0 cloak (worn)
 j - a +1 leather armour of magic resistance (worn)
 q - a +0 troll leather armour
 x - the +0 robe of Pelosk {rF+ rC+}
   (You found it on level 4 of the Dungeon)

   It protects you from fire.
   It protects you from cold.
Jewellery
 c - a +3 ring of evasion
 r - an uncursed ring of resist corrosion {unknown}
 u - an uncursed ring of fire
 w - a +4 ring of protection (right hand)
 B - a +3 ring of slaying (left hand)
Wands
 E - a wand of acid (9)
 G - a wand of flame (13)
 H - a wand of enslavement (8)
 M - a wand of digging (6)
Scrolls
 h - 2 scrolls of fear
 i - 3 scrolls of enchant armour {unknown}
 k - a scroll of blinking {unknown}
 m - 7 scrolls of remove curse {unknown}
 n - 7 scrolls of teleportation
 s - a scroll of magic mapping {unknown}
 y - 2 scrolls of amnesia {unknown}
 z - 4 scrolls of enchant weapon {unknown}
 I - a scroll of identify
 J - a scroll of brand weapon {unknown}
 K - a scroll of noise {unknown}
Potions
 t - 3 potions of brilliance
 C - 3 potions of flight
Books
 o - a manual of Maces & Flails
Miscellaneous
 v - a box of beasts
Comestibles
 g - 17 rations
 A - 2 chunks of flesh


   Skills:
 + Level 8.4 Fighting
 + Level 10.9 Short Blades
 - Level 2.0 Throwing
 + Level 9.8 Dodging
 + Level 11.4 Stealth


You had 8 spell levels left.
You knew the following spells:

 Your Spells              Type           Power        Failure   Level  Hunger
a - Blink                 Tloc           N/A          58%         2    ###....

Your spell library contained the following spells:

 Spells                   Type           Power        Failure   Level  Hunger
 Magic Dart               Conj           #...         43%         1    ##.....
 Shock                    Conj/Air       #...         43%         1    ##.....
 Summon Small Mammal      Summ           #...         43%         1    ##.....
 Call Imp                 Summ           #.......     58%         2    ###....
 Slow                     Hex            #.......     58%         2    ###....
 Swiftness                Chrm/Air       #.......     58%         2    ###....
 Call Canine Familiar     Summ           #.......     82%         3    ####...
 Conjure Flame            Conj/Fire      #.......     82%         3    ####...
 Mephitic Cloud           Conj/Pois/Air  #.......     82%         3    ####...
 Static Discharge         Conj/Air       #.......     82%         3    ####...
 Summon Guardian Golem    Hex/Summ       #.......     82%         3    ####...
 Airstrike                Air            #.........   99%         4    #####..
 Summon Ice Beast         Ice/Summ       #.......     99%         4    #####..
 Summon Lightning Spire   Summ/Air       #.......     99%         4    #####..
 Lightning Bolt           Conj/Air       #.........   100%        5    ######.


Dungeon Overview and Level Annotations

Branches:
Dungeon (11/15)            Temple (1/1) D:6            Lair (0/6) D:9
    Orc (0/2) D:9

Altars:
Ashenzari
Cheibriados
Dithmenos
Elyvilon
Fedhas
Gozag
Hepliaklqana
Kikubaaqudgha
Makhleb
Nemelex Xobeh
Okawaru
Qazlal
Ru
Sif Muna
Trog
Uskayaw
Vehumet
Wu Jian
Xom
Yredelemnul
Zin
The Shining One
Beogh

Annotations:
D:11 3 runed doors, Inarius's ghost, journeyman DsCK


Innate Abilities, Weirdness & Mutations

You are small and have problems with some larger weapons.
You are somewhat resistant to further mutation.


Message History

Something hits you.
* * * LOW HITPOINT WARNING * * *
Some of the chunks of flesh in your inventory have rotted away.
You closely miss something.
Your shadow hits something but does no damage.
Something hits you.
* * * LOW HITPOINT WARNING * * *
You hit something. Something completely misses you.
You hit something. Something misses you.
You hit something.
Your shadow hits something but does no damage.
Something barely misses you.
You hit something but do no damage. Something hits you but does no damage.
You hit something. Something closely misses you.
You hit something. Something hits you but does no damage.
You hit something. Something hits you but does no damage.
You hit something. Something closely misses you.
You hit something but do no damage. Something misses you.
You hit something but do no damage. Something hits you!
You die...

# #...########K
#######(....)...K..
.................K.
........(..........
.......##...#######
....... #..{#
....... #...#
.......
#...######## ......
#.....§{@§§# #####
############


There were no monsters in sight!

Vanquished Creatures
  A two-headed ogre (D:8)
  The ghost of Leeroy the Slasher, a novice BaSk (D:5)
  3 trolls
  A hornet (D:8)
  3 hippogriffs
  A vampire (D:11)
  Grum (D:11)
  A basilisk (D:11)
  4 hungry ghosts
  A water moccasin (D:9)
  5 porcupines (D:9)
  A sky beast (D:10)
  2 ice beasts
  2 black bears (D:11)
  An eye of draining (D:9)
  A necrophage (D:5)
  3 orc warriors (D:6)
  2 phantoms
  9 ogres
  2 wolves (D:11)
  7 centaurs
  3 crocodiles
  8 bullfrogs
  A wyvern skeleton (D:11)
  3 scorpions
  A water moccasin skeleton (D:4)
  12 killer bees
  7 wights
  An electric eel (D:6)
  5 howler monkeys
  3 bullfrog zombies
  5 crimson imps
  A centaur zombie (D:9)
  3 bullfrog skeletons
  3 jellies
  9 orc priests
  A gnoll shaman (D:8)
  2 centaur skeletons
  6 orc wizards
  4 worker ants
  5 iguanas
  A hound zombie (D:10)
  A worker ant zombie (D:10)
  9 gnolls
  12 adders
  3 shadow imps
  2 oozes
  An adder skeleton (D:5)
  An adder zombie (D:3)
  A worm (D:4)
  2 dart slugs (D:1)
  9 leopard geckos
  37 orcs
  11 bats
  8 giant cockroaches
  5 goblins
  9 hobgoblins
  6 jackals
  2 quokkas
  4 ball pythons
  4 frilled lizards
  10 kobolds
  A leopard gecko skeleton (D:6)
  12 rats
  2 plants (D:6)
288 creatures vanquished.

Vanquished Creatures (others)
  A howler monkey zombie (D:7)
  26 fungi (D:9)
  10 plants
37 creatures vanquished.

Grand Total: 325 creatures vanquished

Notes
Turn   | Place    | Note
-------+----------+-------------------------------------------
     0 | D:1      | Borgoz the Halfling Assassin began the quest for the Orb.
     0 | D:1      | Reached XP level 1. HP: 14/14 MP: 1/1
   102 | D:1      | Found a roughly hewn altar of Beogh.
   102 | D:1      | Noticed an orc warrior
   102 | D:1      | Noticed an orc priest
   102 | D:1      | Noticed an orc wizard
   104 | D:1      | Reached XP level 2. HP: 19/19 MP: 2/2
   307 | D:1      | Reached XP level 3. HP: 24/24 MP: 3/3
  1197 | D:2      | Reached XP level 4. HP: 30/30 MP: 4/4
  1715 | D:2      | Reached skill level 5 in Stealth
  1860 | D:2      | Found an iron altar of Okawaru.
  1866 | D:2      | Found a glowing golden altar of the Shining One.
  1871 | D:2      | Found a shattered altar of Ashenzari.
  1974 | D:3      | Reached XP level 5. HP: 19/35 MP: 5/5
  2508 | D:3      | Reached XP level 6. HP: 24/42 MP: 6/6
  3032 | D:4      | Got a ripped robe
  3064 | D:4      | Identified the +0 robe of Pelosk {rF+ rC+} (You found it on
                  | level 4 of the Dungeon)
  3192 | D:5      | Entered Level 5 of the Dungeon
  3616 | D:5      | Reached XP level 7. HP: 29/46 MP: 7/7
  3929 | D:5      | Reached skill level 6 in Stealth
  4136 | D:5      | Found an iron altar of Okawaru.
  4182 | D:5      | Reached skill level 5 in Short Blades
  4543 | D:6      | HP: 2/47 [orc priest/divine providence (9)]
  4915 | D:5      | Found a shadowy altar of Dithmenos.
  4923 | D:5      | Became a worshipper of Dithmenos the Shadowed
  4989 | D:5      | Reached XP level 8. HP: 44/54 MP: 8/8
  5181 | D:5      | Found a stormy altar of Qazlal.
  5360 | D:5      | Found a white marble altar of Elyvilon.
  5418 | D:5      | Found a runed door.
  5419 | D:5      | Noticed Leeroy's ghost (novice BaSk)
  5834 | D:3      | Found a bloodstained altar of Trog.
  6271 | D:3      | Found an ancient bone altar of Kikubaaqudgha.
  6340 | D:3      | Reached skill level 7 in Stealth
  6590 | D:5      | Killed Leeroy's ghost
  6590 | D:5      | Reached skill level 5 in Dodging
  7295 | D:6      | Found a shimmering altar of Xom.
  7296 | D:6      | Found a shimmering altar of Xom.
  7296 | D:6      | Found a shimmering altar of Xom.
  7296 | D:6      | Found a shimmering altar of Xom.
  7296 | D:6      | Found a shimmering altar of Xom.
  7297 | D:6      | Found a shimmering altar of Xom.
  7297 | D:6      | Found a shimmering altar of Xom.
  7297 | D:6      | Found a shimmering altar of Xom.
  7322 | D:6      | Reached * piety under Dithmenos
  7322 | D:6      | Reached skill level 5 in Fighting
  7322 | D:6      | Reached XP level 9. HP: 55/61 MP: 9/9
  7439 | D:6      | Reached skill level 8 in Stealth
  7687 | D:6      | Found a staircase to the Ecumenical Temple.
  7715 | Temple   | Entered the Ecumenical Temple
  9378 | D:7      | Learned a level 2 spell: Blink
  9487 | D:6      | Reached XP level 10. HP: 55/68 MP: 10/10
  9553 | D:7      | Reached skill level 9 in Stealth
  9644 | D:7      | Reached ** piety under Dithmenos
  9907 | D:7      | Found a burning altar of Makhleb.
  9908 | D:7      | Found a radiant altar of Vehumet.
 11018 | D:8      | Noticed a two-headed ogre
 11020 | D:8      | Killed a two-headed ogre
 11201 | D:9      | Reached skill level 10 in Stealth
 11510 | D:9      | Reached *** piety under Dithmenos
 11539 | D:9      | Found an opulent altar of Gozag.
 11719 | D:9      | Reached XP level 11. HP: 45/75 MP: 11/11
 11861 | D:10     | Entered Level 10 of the Dungeon
 12375 | D:10     | Reached skill level 10 in Short Blades
 13138 | D:9      | Found a staircase to the Orcish Mines.
 13156 | D:9      | Reached **** piety under Dithmenos
 13643 | D:9      | Reached skill level 11 in Stealth
 13944 | D:9      | Found a staircase to the Lair.
 14666 | D:11     | Found a runed gate.
 14666 | D:11     | Found a runed gate.
 14666 | D:11     | Found a runed gate.
 14666 | D:11     | Noticed Inarius's ghost (journeyman DsCK)
 15057 | D:11     | Noticed Grum
 15088 | D:11     | Killed Grum
 15339 | D:11     | Found the +7 sceptre of Torment {pain, torment}
 15645 | D:11     | Slain by an unseen horror

Vault maps used:
D:1:      erik_arrival_cave_to_civilisation, minmay_misc_feat_plants
D:2:      minmay_evil_eye, minmay_overflow_temple_star_quad,
          serial_bayou_pond_a, hangedman_decor_opposing
D:3:      lemuel_doored_altar, old_standard_altar, first_ration
D:5:      grunt_qazlal_clouds, nicolae_overflow_crystal_walls,
          lemuel_coloured_pillars_altar, ebering_ghost_reflecting_pool,
          basic_altar
D:6:      xom_redecorated, minmay_temple_entry_antechambers, serial_bayou,
          serial_bayou_pond_c, serial_bayou_pond_c, serial_bayou_ford_a,
          serial_bayou_pond_d
D:7:      grunt_temple_overflow_lords_of_destruction, grunt_ogre_cave,
          minmay_manual_monolith
D:9:      marbit_many_paths, due_lair_maze_entry_diamond, orc_0_dummy,
          enter_bailey_2
D:10:     minmay_increasing_density
D:11:     gammafunk_ghost_necromancy, uniq_grum
Temple:   cyrus_temple_forest

Skill      XL: |  1  2  3  4  5  6  7  8  9 10 11 |
---------------+----------------------------------+-----
Fighting       | 2 3 4 5 6 7 8 |  8.4
Short Blades   | 3 4 5 6 8 9 10 | 10.9
Dodging        | 2 3 4 5 7 8 9 |  9.8
Stealth        | 5 6 7 8 10 11 | 11.4
Throwing       | |  2.0

Action                   |  1- 3 |  4- 6 |  7- 9 | 10-12 || total
-------------------------+-------+-------+-------+-------++-------
Melee: Dagger            |    84 |   266 |   788 |   910 ||  2048
 Fire: Blowgun           |       |    12 |    62 |    36 ||   110
Throw: Throwing net      |       |       |       |     3 ||     3
  Use: Scroll            |       |     1 |     7 |     5 ||    13
       Potion            |       |       |     5 |    14 ||    19
 Stab: Sleeping          |    11 |     4 |     2 |    20 ||    37
       Distracted        |       |     1 |       |     1 ||     2
  Eat: Chunk             |       |     9 |    10 |    20 ||    39
       Ration            |       |       |     3 |     3 ||     6
Armor: Robe              |    12 |    41 |    49 |       ||   102
       Skin              |       |       |    22 |    28 ||    50
       Leather armour    |       |       |    19 |    93 ||   112
Dodge: Dodged            |    52 |   186 |   392 |   694 ||  1324

Table legend:
 A = Non-vault XP
 B = Vault XP
 C = Vault XP percentage of total XP
 D = Non-vault monster count
 E = Vault monster count
 F = Vault count percentage of total count
                 A         B        C        D         E       F
            +---------+---------+-------+---------+---------+-------
      Total |   11067 |    3245 |  22.7 |     252 |      34 |  11.9
            +---------+---------+-------+---------+---------+-------
        D:1 |      49 |       4 |   7.5 |      22 |       2 |   8.3
        D:2 |      63 |       8 |  11.3 |      23 |       5 |  17.9
        D:3 |     217 |       0 |   0.0 |      26 |       0 |   0.0
        D:4 |     287 |       0 |   0.0 |      20 |       0 |   0.0
        D:5 |     668 |     394 |  37.1 |      18 |       1 |   5.3
        D:6 |    1571 |     138 |   8.1 |      36 |       3 |   7.7
        D:7 |     589 |     253 |  30.0 |       8 |       4 |  33.3
        D:8 |    1859 |       0 |   0.0 |      19 |       0 |   0.0
        D:9 |    1974 |    1083 |  35.4 |      32 |       9 |  22.0
       D:10 |    1841 |     937 |  33.7 |      23 |       7 |  23.3
       D:11 |    1949 |     428 |  18.0 |      25 |       3 |  10.7
            +---------+---------+-------+---------+---------+-------
